Map: Echo of the past

Players

Tesla - Winner!

  • Race: Protoss Protoss

MaRLoN

  • Race: Protoss Protoss

VOD

http://twitch.tv/gosu_pvp

Description

awesome awesome awesome awesome awesome awesome awesome PJSugar PJSugar PJSugar PJSugar PJSugar PJSugar PJSugar PJSugar PJSugar PJSugar PJSugar PJSugar PJSugar PJSugar PJSugar PJSugar PJSugar PJSugar PJSugar PJSugar PJSugar PJSugar PJSugar PJSugar PJSugar

Time

  • Played on: Aug. 1, 2016, 1:50 p.m.
  • Length: 11:42
Show
View Real Time Build Order
Export as new Build Order

Tesla Protoss - Winner!

Build Orders: Double Forge, Blink Stalkers 

Get SALT Encoding   

  12  0:01  Probe (Chrono Boost)  
  13  0:11  Probe (Chrono Boost)  
  14  0:17  Pylon  
  14  0:22  Probe (Chrono Boost)  
  16  0:35  Probe (Chrono Boost)  
  16  0:40  Gateway  
  16  0:45  Assimilator  
  16  0:46  Probe (Chrono Boost)  
  17  0:56  Probe (Chrono Boost)  
  18  1:03  Pylon  
  18  1:08  Assimilator, Probe (Chrono Boost)  
  20  1:18  Probe (Chrono Boost)  
  20  1:29  Probe (Chrono Boost)  
  20  1:30  Cybernetics Core  
  21  1:39  Probe (Chrono Boost)  
  22  1:52  Warp Gate, Probe (Chrono Boost)  
  23  2:01  Nexus  
  23  2:06  Probe (Chrono Boost)  
  24  2:20  Mothership Core (Chrono Boost)  
  24  2:22  Stalker  
  28  2:35  Pylon  
  28  2:40  Probe (Chrono Boost)  
  30  2:52  Probe (Chrono Boost)  
  30  2:53  Stalker  
  30  2:55  Twilight Council  
  32  3:04  Probe (Chrono Boost)  
  33  3:13  Probe (Chrono Boost)  
  33  3:16  Probe (Chrono Boost)  
  33  3:19  Blink  
  35  3:23  Pylon  
  35  3:24  Probe (Chrono Boost)  
  37  3:27  Assimilator  
  37  3:28  Assimilator, Probe (Chrono Boost)  
  37  3:35  Probe (Chrono Boost)  
  37  3:40  Probe (Chrono Boost)  
  39  3:46  Probe (Chrono Boost)  
  40  3:50  Gateway  
  40  3:52  Probe (Chrono Boost)  
  41  3:56  Gateway  
  41  3:58  Probe (Chrono Boost)  
  43  4:04  Probe (Chrono Boost)  
  43  4:06  Sentry  
  43  4:09  Probe (Chrono Boost)  
  46  4:16  Probe (Chrono Boost)  
  47  4:17  Forge  
  47  4:19  Probe (Chrono Boost)  
  47  4:20  Forge  
  48  4:28  Probe (Chrono Boost)  
  48  4:30  Stalker, Probe (Chrono Boost)  
  52  4:39  Protoss Ground Weapons Level 1  
  52  4:40  Probe x2 (Chrono Boost)  
  52  4:44  Stalker  
  56  4:52  Protoss Ground Armor Level 1  
  57  4:53  Probe (Chrono Boost)  
  57  5:00  Probe (Chrono Boost), Robotics Facility  
  57  5:02  Pylon  
  57  5:04  Stalker  
  60  5:07  Resonating Glaives  
  60  5:08  Stalker  
  64  5:22  Probe x2 (Chrono Boost)  
  64  5:25  Stalker  
  66  5:29  Gateway  
  66  5:31  Pylon  
  66  5:34  Sentry, Probe x2 (Chrono Boost)  
  70  5:50  Pylon  
  70  5:52  Pylon  
  70  5:55  Stalker x2, Probe x2 (Chrono Boost), Pylon  
  76  5:58  Pylon  
  76  6:00  Stalker  
  76  6:12  Immortal  
  76  6:13  Pylon  
  76  6:16  Protoss Ground Weapons Level 2  
  80  6:19  Stalker  
  80  6:20  Stalker  
  86  6:26  Probe (Chrono Boost)  
  86  6:27  Probe (Chrono Boost)  
  86  6:30  Stalker x2  
  92  6:41  Probe x2 (Chrono Boost)  
  92  6:51  Observer  
  92  6:53  Probe x2 (Chrono Boost)  
  95  7:02  Nexus  
  95  7:03  Pylon  
  95  7:05  Pylon  
  94  7:11  Probe x2 (Chrono Boost)  
  94  7:13  Immortal, Adept x2  
  94  7:14  Sentry  
  108  7:23  Probe (Chrono Boost)  
  108  7:24  Probe (Chrono Boost)  
  108  7:27  Stalker  
  110  7:36  Charge, Probe x2 (Chrono Boost)  
  112  7:37  Gateway  
  112  7:40  Pylon  
  112  7:42  Protoss Ground Armor Level 2  
  112  7:43  Gateway x2  
  112  7:48  Probe x2 (Chrono Boost)  
  114  7:53  Adept  
  114  7:55  Adept  
  119  8:00  Probe (Chrono Boost)  
  119  8:01  Probe (Chrono Boost)  
  120  8:12  Stalker x2  
  124  8:18  Stalker  
  126  8:21  Immortal  
  130  8:31  Protoss Ground Weapons Level 3  
  130  8:35  Assimilator  
  130  8:37  Assimilator  
  130  8:39  Pylon  
  130  8:41  Stalker  
  130  8:43  Pylon  
  132  9:00  Warp Prism  
  134  9:03  Stalker  
  134  9:04  Stalker x5  
  134  9:06  Stalker  
  148  9:36  Immortal, Stalker x6  
  164  9:46  Pylon  
  164  9:48  Pylon  
  164  9:52  Pylon  
  164  9:55  Pylon  
  164  9:58  Templar Archives  
  164  9:59  Pylon  
  164  10:02  Dark Shrine  
  164  10:06  Pylon  
  164  10:15  Observer  
  164  10:16  Adept x7  
  179  10:37  Immortal  
  183  10:44  Stalker x7  
Show
View Real Time Build Order
Export as new Build Order

MaRLoN Protoss 

Build Orders: Nexus First, Blink Stalkers 

Get SALT Encoding   

  12  0:01  Probe (Chrono Boost)  
  13  0:12  Probe (Chrono Boost)  
  14  0:23  Pylon  
  14  0:24  Probe (Chrono Boost)  
  15  0:41  Probe (Chrono Boost)  
  16  0:52  Probe (Chrono Boost)  
  17  1:04  Nexus  
  17  1:05  Probe (Chrono Boost)  
  18  1:19  Gateway  
  18  1:23  Assimilator  
  18  1:24  Probe (Chrono Boost)  
  20  1:40  Probe (Chrono Boost)  
  20  1:48  Assimilator  
  20  1:50  Probe (Chrono Boost)  
  21  2:12  Pylon  
  21  2:16  Cybernetics Core, Probe (Chrono Boost)  
  21  2:17  Probe (Chrono Boost)  
  23  2:27  Probe (Chrono Boost)  
  23  2:28  Probe (Chrono Boost)  
  25  2:38  Probe (Chrono Boost)  
  25  2:39  Pylon  
  26  2:44  Warp Gate  
  26  2:46  Gateway  
  26  2:52  Stalker  
  29  2:58  Probe (Chrono Boost)  
  29  3:02  Assimilator, Probe (Chrono Boost)  
  30  3:10  Probe (Chrono Boost)  
  32  3:14  Probe (Chrono Boost)  
  32  3:18  Twilight Council, Stalker  
  32  3:22  Probe (Chrono Boost)  
  32  3:26  Probe (Chrono Boost)  
  37  3:34  Probe (Chrono Boost)  
  37  3:36  Gateway  
  37  3:38  Probe (Chrono Boost)  
  37  3:40  Stalker  
  40  3:44  Blink  
  40  3:46  Probe (Chrono Boost)  
  41  3:49  Pylon  
  41  3:50  Probe (Chrono Boost)  
  44  4:03  Pylon  
  44  4:04  Mothership Core (Chrono Boost)  
  44  4:14  Probe (Chrono Boost)  
  44  4:15  Stalker  
  47  4:17  Stalker  
  50  4:24  Probe (Chrono Boost)  
  50  4:26  Probe (Chrono Boost)  
  50  4:30  Stalker  
  51  4:35  Forge  
  51  4:36  Probe (Chrono Boost)  
  55  4:38  Probe (Chrono Boost)  
  55  4:55  Robotics Facility  
  55  4:57  Pylon  
  55  4:58  Probe (Chrono Boost)  
  55  4:59  Protoss Ground Weapons Level 1  
  56  5:01  Stalker  
  56  5:02  Stalker  
  60  5:09  Probe (Chrono Boost)  
  61  5:20  Stalker  
  63  5:24  Probe (Chrono Boost)  
  63  5:25  Assimilator  
  63  5:27  Probe (Chrono Boost)  
  65  5:33  Stalker x2  
  69  6:10  Stalker x3  
  73  6:14  Probe (Chrono Boost)  
  74  6:22  Warp Prism  
  74  6:30  Forge  
  74  6:31  Pylon  
  76  6:34  Pylon  
  76  6:35  Photon Cannon  
  76  6:36  Pylon  
  76  6:38  Protoss Ground Armor Level 1  
  76  6:40  Pylon x2  
  76  6:41  Stalker  
  78  6:50  Stalker  
  78  6:51  Stalker  
  83  6:55  Probe (Chrono Boost)  
  83  6:57  Probe (Chrono Boost)  
  84  7:11  Nexus  
  84  7:12  Protoss Ground Weapons Level 2  
  84  7:14  Photon Cannon  
  84  7:19  Assimilator, Immortal  
  84  7:21  Assimilator  
  88  7:29  Pylon  
  88  7:32  Probe (Chrono Boost)  
  88  7:35  Probe (Chrono Boost)  
  90  7:37  Pylon  
  90  7:41  Pylon  
  90  7:58  Robotics Bay  
  90  8:03  Probe x2 (Chrono Boost), Robotics Facility  
  92  8:07  Pylon  
  92  8:13  Stalker x3  
  92  8:15  Probe (Chrono Boost)  
  92  8:19  Gateway  
  99  8:20  Gateway  
  99  8:21  Gateway  
  99  8:25  Gateway  
  99  8:26  Gateway  
  101  8:27  Probe x2 (Chrono Boost)  
  101  8:33  Immortal  
  105  8:34  Protoss Ground Armor Level 2  
  105  8:38  Stargate  
  105  8:41  Stargate  
  105  8:44  Photon Cannon  
  105  8:47  Probe (Chrono Boost)  
  108  8:49  Probe x2 (Chrono Boost)  
  108  8:59  Probe (Chrono Boost)  
  108  9:01  Probe (Chrono Boost)  
  108  9:02  Probe (Chrono Boost)  
  112  9:10  Stalker  
  112  9:11  Stalker, Probe (Chrono Boost)  
  113  9:34  Stalker x3  
  113  9:35  Stalker x2  
  123  9:39  Disruptor x2  
  129  9:51  Stalker x2  
  133  10:04  Stalker  
  133  10:05  Stalker x4  
  143  10:09  Probe (Chrono Boost)  
  143  10:13  Void Ray  
  143  10:14  Void Ray  
Tags
 
Add a new tag
Caveats
  • Supply blocks, unpowered buildings, or Contaminate may cause inaccurate times.
  • Supply counts are checked every 10 seconds.